 Dungeon Crawl Stone Soup version 0.21.1-1-g345015f (webtiles) character file.

1591 Mirai the Thaumaturge (level 8, 0/41 HPs)
             Began as a Deep Elf Conjurer on Mar 29, 2018.
             Was an Initiate of Vehumet.
             Slain by an orc warrior
             ... wielding a +0 short sword
              (4 damage)
             ... on level 5 of the Dungeon.
             The game lasted 00:13:31 (4267 turns).

Mirai the Thaumaturge (Deep Elf Conjurer)           Turns: 4267, Time: 00:13:32

Health: 0/41       AC:  8    Str:  5    XL:     8   Next: 61%
Magic:  1/25       EV: 12    Int: 23    God:    Vehumet [......]
Gold:   200        SH:  0    Dex: 15    Spells: 19/30 levels left

rFire    . . .     SeeInvis .   p - +1 falchion (holy)
rCold    + . .     Gourm    .   (no shield)
rNeg     . . .     Faith    .   D - +3 leather armour of Ynuesyma {rElec rPois}
rPois    +         Spirit   .   (no helmet)
rElec    +         Reflect  .   (no cloak)
rCorr    .         Harm     .   B - +1 pair of gloves
MR       .....                  (no boots)
Stlth    ++........             m - amulet of regeneration
HPRegen  0.53/turn              e - ring of wizardry
MPRegen  0.19/turn              j - ring of protection from cold

@: no status effects
A: no striking features
a: Renounce Religion


You were on level 5 of the Dungeon.
You worshipped Vehumet.
Vehumet was noncommittal.
You were not hungry.

You visited 2 branches of the dungeon, and saw 7 of its levels.

You collected 200 gold pieces.

Inventory:

Hand Weapons
 p - a +1 falchion of holy wrath (weapon)
 t - a cursed -3 whip
 v - a +0 short sword of draining
 x - a +3 rapier of draining
Missiles
 i - 3 tomahawks (quivered)
Armour
 B - a +1 pair of gloves (worn)
 D - the +3 leather armour of Ynuesyma (worn) {rElec rPois}
   (You found it on level 5 of the Dungeon)

   It insulates you from electricity.
   It protects you from poison.
Jewellery
 e - a ring of wizardry (left hand)
 j - a ring of protection from cold (right hand)
 m - an amulet of regeneration (around neck)
 z - an uncursed ring of wizardry
Scrolls
 g - 6 scrolls of identify {unknown}
 h - 4 scrolls of teleportation {unknown}
 q - 2 scrolls of blinking {unknown}
 r - a scroll of remove curse {unknown}
 s - 2 scrolls of amnesia {unknown}
 u - a scroll of magic mapping {unknown}
 y - a scroll of fog {unknown}
 C - a scroll of fear {unknown}
Potions
 a - a potion of invisibility {unknown}
 d - 2 potions of ambrosia {unknown}
 f - 3 potions of heal wounds {unknown}
 l - a potion of curing {unknown}
 n - a potion of agility {unknown}
 o - a potion of haste {unknown}
 w - a potion of berserk rage {unknown}
 A - a potion of magic {unknown}
Books
 b - a book of Conjurations

   Spells                             Type                      Level
   a - Magic Dart                     Conjuration                  1
   b - Searing Ray                    Conjuration                  2
   c - Dazzling Spray                 Conjuration/Hexes            3
   d - Fulminant Prism                Conjuration/Hexes            4
   e - Force Lance                    Conjuration/Translocation    4
   f - Iskenderun's Mystic Blast      Conjuration                  4
Comestibles
 c - 6 rations
 k - 3 chunks of flesh


   Skills:
 - Level 2.4 Dodging
 - Level 2.4 Stealth
 + Level 11.5 Spellcasting
 + Level 6.7 Conjurations
 + Level 5.8 Hexes


You had 19 spell levels left.
You knew the following spells:

 Your Spells              Type           Power        Failure   Level  Hunger
a - Magic Dart            Conj           ####         1%          1    None
b - Searing Ray           Conj           #####.       1%          2    None
c - Iskenderun's Mystic   Conj           #####...     1%          4    None
d - Fulminant Prism       Conj/Hex       #####.....   2%          4    None


Dungeon Overview and Level Annotations

Branches:
Dungeon (6/15)             Temple (1/1) D:5

Altars:
Dithmenos
Hepliaklqana
Kikubaaqudgha
Makhleb
Ru
Sif Muna
Trog
Uskayaw
Vehumet
Xom
Yredelemnul
The Shining One


Message History

(Press . to maintain the ray.)
The orc warrior hits you with a short sword!
The searing ray hits the orc warrior.
The orc warrior is severely wounded.
The orc warrior hits you with a short sword!
The searing ray hits the orc warrior.
The orc warrior is severely wounded.
The orc warrior hits you with a short sword!
* * * LOW HITPOINT WARNING * * *
The searing ray hits the orc warrior.
The orc warrior is almost dead.
You finish channeling your searing ray.
The orc warrior hits you with a short sword.
* * * LOW HITPOINT WARNING * * *
Unknown command.
Okay, then.
You aren't carrying any items that you can evoke.
Unknown command.
The orc warrior hits you with a short sword.
You die...

#....# #.###
#..##.###### #....# #.#
#.>.#......# #....# #.#
#..>#..###.# ##....#
#.# #####+#.#......#
#.....######.#
#.......#...####
#...#.....##.#
#.......#.<.##
#...#####.##.#
#.......#.#..# #####
###.##.###.......#.##.#
#.#.##....@o.###.#.##.#
#...######.......#....#
#.### #.############
#.########.#
#..........#
############


You could see an orc warrior.

Vanquished Creatures
  The ghost of Phong the Insei, a novice DsTm of Makhleb (D:5)
  Menkaure (D:5)
  A phantom (D:5)
  2 ogres (D:4)
  2 centaurs
  A bullfrog (D:6)
  A scorpion (D:4)
  2 howler monkeys
  A quasit (D:6)
  A crimson imp (D:5)
  A bullfrog zombie (D:5)
  3 orc priests
  A bullfrog skeleton (D:5)
  A centaur skeleton (D:4)
  A hound (D:5)
  A gnoll shaman (D:4)
  A worker ant (D:6)
  2 hound skeletons
  9 adders
  3 gnolls (D:4)
  A shadow imp (D:5)
  4 worms
  3 dart slugs
  3 leopard geckos
  13 orcs
  11 goblins
  11 hobgoblins
  8 jackals
  2 quokkas
  3 ball pythons
  A ball python skeleton (D:4)
  4 bats
  4 frilled lizards
  2 giant cockroach zombies (D:5)
  A jackal zombie (D:5)
  7 kobolds
  A quokka zombie (D:6)
  9 rats
124 creatures vanquished.

Vanquished Creatures (others)
  2 fulminant prisms (D:4)
2 creatures vanquished.

Grand Total: 126 creatures vanquished

Notes
Turn   | Place    | Note
-------+----------+-------------------------------------------
     0 | D:1      | Mirai the Deep Elf Conjurer began the quest for the Orb.
     0 | D:1      | Reached XP level 1. HP: 10/10 MP: 6/6
   136 | D:1      | Reached skill level 4 in Spellcasting
   136 | D:1      | Reached XP level 2. HP: 15/15 MP: 6/9
   140 | D:1      | Learned a level 2 spell: Searing Ray
   874 | D:2      | Reached XP level 3. HP: 19/19 MP: 9/11
   877 | D:2      | Reached skill level 5 in Spellcasting
  1142 | D:2      | Found a glowing golden altar of the Shining One.
  1498 | D:3      | Reached XP level 4. HP: 7/24 MP: 2/13
  1530 | D:3      | Reached skill level 6 in Spellcasting
  1588 | D:3      | Learned a level 4 spell: Iskenderun's Mystic Blast
  1593 | D:3      | Learned a level 4 spell: Fulminant Prism
  1967 | D:3      | Reached skill level 7 in Spellcasting
  2061 | D:4      | Reached XP level 5. HP: 28/28 MP: 11/16
  2294 | D:4      | Reached skill level 8 in Spellcasting
  2428 | D:4      | Reached XP level 6. HP: 30/32 MP: 5/19
  2555 | D:4      | Reached skill level 9 in Spellcasting
  2702 | D:4      | Found a bloodstained altar of Trog.
  2738 | D:4      | Reached skill level 10 in Spellcasting
  2738 | D:4      | Reached XP level 7. HP: 36/36 MP: 7/22
  2909 | D:4      | Reached skill level 1 in Hexes
  3365 | D:5      | Entered Level 5 of the Dungeon
  3503 | D:5      | Noticed Phong's ghost (novice DsTm)
  3516 | D:5      | Killed Phong's ghost
  3516 | D:5      | Reached skill level 5 in Conjurations
  3737 | D:5      | Reached XP level 8. HP: 41/41 MP: 14/24
  3756 | D:5      | Found a staircase to the Ecumenical Temple.
  3766 | Temple   | Entered the Ecumenical Temple
  3799 | Temple   | Became a worshipper of Vehumet
  3843 | D:5      | Reached skill level 11 in Spellcasting
  3899 | D:5      | Got a spiked leather armour
  3910 | D:5      | Identified the +3 leather armour of Ynuesyma {rElec rPois} (You found it on level 5 of the Dungeon)
  3933 | D:5      | Noticed Menkaure
  3939 | D:5      | Killed Menkaure
  3939 | D:5      | Reached skill level 5 in Hexes
  4267 | D:5      | Slain by an orc warrior

Skill      XL: |  1  2  3  4  5  6  7  8 |
---------------+-------------------------+-----
Spellcasting   | 4 5 7 8 10 11 | 11.5
Hexes          | 3 5 |  5.8
Conjurations   | 5 6 |  6.7
Dodging        | |  2.4
Stealth        | |  2.4

Action                   |  1- 3 |  4- 6 |  7- 9 || total
-------------------------+-------+-------+-------++-------
Melee: Dagger            |    32 |     8 |       ||    40
       Falchion          |       |     2 |     8 ||    10
 Cast: Magic Dart        |    70 |    32 |     6 ||   108
       Searing Ray       |     4 |    20 |    27 ||    51
       Iskenderun's Myst |       |    12 |    25 ||    37
       Fulminant Prism   |       |       |     2 ||     2
  Eat: Chunk             |     1 |     3 |     4 ||     8
       Ration            |       |     1 |       ||     1
Armor: Robe              |    12 |     9 |     4 ||    25
       Leather armour    |       |       |     9 ||     9
Dodge: Dodged            |    36 |    30 |    33 ||    99
       Rpst.: Falchion   |       |     7 |    10 ||    17
